 Dungeon Crawl Stone Soup version 0.31-a0-851-g7ff8af7976 (webtiles) character file.

Game seed: 11982717045163386465

20 senseless the Chopper (level 2, -1/27 HPs)
             Began as a Hill Orc Monk on Oct 6, 2023.
             Slain by a gnoll
             ... wielding a +0 flail
              (10 damage)
             ... on level 1 of the Dungeon.
             The game lasted 00:01:20 (685 turns).

senseless the Chopper (Hill Orc Monk)                Turns: 685, Time: 00:01:20

Health: -1/27      AC:  2    Str: 13    XL:     2   Next: 79%
Magic:  3/3        EV: 12    Int: 10    God:
Gold:   53         SH:  0    Dex: 13    Spells: 1/1 levels left

rFire   . . .        a - +0 hand axe
rCold   . . .        d - orb {light}
rNeg    . . .        b - +0 robe
rPois   .            (no helmet)
rElec   .            (no cloak)
rCorr   .            (no gloves)
SInv    .            (no boots)
Will    .....        (no amulet)
Stlth   +            (no ring)
HPRegen 0.24/turn    (no ring)
MPRegen 0.08/turn

%: no passive effects
@: glowing
A: no striking features
a: no special abilities


You were on level 1 of the Dungeon.
You visited 1 branch of the dungeon, and saw 1 of its levels.

You collected 53 gold pieces.

Inventory:

Hand Weapons
 a - a +0 hand axe (weapon)
 f - a +2 dagger of freezing
Armour
 b - a +0 robe (worn)
 d - an orb of light (worn)
Scrolls
 g - 3 scrolls of teleportation {unknown}
Potions
 c - 2 potions of ambrosia
 h - a potion of berserk rage {unknown}


   Skills:
 + Level 4.0 Fighting
 + Level 4.3 Axes
 + Level 1.0 Armour
 - Level 2.4 Dodging
 + Level 1.4 Invocations


You had one spell level left.
You didn't know any spells.
Your spell library was empty.

Dungeon Overview and Level Annotations

Branches:
Dungeon (1/15)

Altars:


Message History

The gnoll shouts!
The gnoll hits you with a +0 flail!
You hit the gnoll but do no damage. The gnoll hits you with a +0 flail!
You are too injured to fight recklessly!
You are too injured to fight recklessly!
You are too injured to fight recklessly!
You are too injured to fight recklessly!
You are too injured to fight recklessly!
You are too injured to fight recklessly!
You are too injured to fight recklessly!
You are too injured to fight recklessly!
You are too injured to fight recklessly!
You are too injured to fight recklessly!
You are too injured to fight recklessly!
You are too injured to fight recklessly!
You are too injured to fight recklessly!
You are too injured to fight recklessly!
You are too injured to fight recklessly!
You are too injured to fight recklessly!
You are too injured to fight recklessly!
You hit the gnoll. You freeze the gnoll.
The gnoll is lightly wounded.
The gnoll hits you with a +0 flail!
* * * LOW HITPOINT WARNING * * *
It was a potion of heal wounds.
You feel much better. The gnoll misses you.
You hit the gnoll. You freeze the gnoll.
The gnoll is moderately wounded.
The gnoll misses you.
You barely miss the gnoll.
The gnoll is moderately wounded.
The gnoll hits you with a +0 flail!
You hit the gnoll but do no damage.
The gnoll is moderately wounded.
The gnoll hits you with a +0 flail!
* * * LOW HITPOINT WARNING * * *
You feel much better. The gnoll hits you with a +0 flail!
Your +2 dagger of freezing stops glowing.
a - a +0 hand axe (weapon)
The gnoll hits you with a +0 flail!
You die...

#........##....††....
##.#..#.##..#.#.###.#
#..#.#..##.#.# #.#
#..#...###.#.# #.# #
#[.#..####.#.###.#
#.#..#>.............
#####.#..#######.#.###.#
.......g.# #.#.# #.#
#@########.#.# #.#
####+#........ #.# #..
#.......#########.#####
#...................#
#.......#########.#.#
#.......# #.#.#
#.......# #.#.###
#.......# #.#.#..
#.......# #.#....


You could see a gnoll.

Vanquished Creatures
  4 goblins (D:1)
  2 hobgoblins (D:1)
  A quokka (D:1)
  4 ball pythons (D:1)
  2 bats (D:1)
  A frilled lizard (D:1)
  3 kobolds (D:1)
  2 rats (D:1)
19 creatures vanquished.

Notes
Turn   | Place    | Note
-------+----------+-------------------------------------------
     0 | D:1      | senseless the Hill Orc Monk began the quest for the Orb.
     0 | D:1      | Reached XP level 1. HP: 19/19 MP: 1/1
   159 | D:1      | Reached XP level 2. HP: 24/27 MP: 2/2
   161 | D:1      | Reached skill level 1 in Invocations
   478 | D:1      | Reached skill level 1 in Armour
   679 | D:1      | HP: 1/27 [gnoll/+0 flail (9)]
   685 | D:1      | Slain by a gnoll

Illustrated notes

Levels and vault maps discovered:
D:1:      onia_arrival_mini_maze_b, layout_basic, minmay_tall_x

Skill      XL: |  1  2 |
---------------+-------+-----
Invocations    | 1 |  1.4
Armour         | 1 |  1.0
Fighting       | 4 |  4.0
Axes           | |  4.3
Dodging        | |  2.4

Action                     || total
---------------------------++-------
  Melee: Hand axe          ||    44
         Dagger            ||    19
    Use: Potion            ||     2
 Armour: Robe              ||    34
  Dodge: Dodged            ||    43

Table legend: (Time is in decaauts)
 A = Elapsed time spent in this place.
 B = Non-inter-level travel time spent in this place.
 C = Inter-level travel time spent in this place.
 D = Time resting spent in this place.
 E = Time spent auto-exploring this place.
 F = Levels seen in this place.
 G = Mean time per level.
                   A        B        C        D        E       F      G
               +--------+--------+--------+--------+--------+-----+--------+
         Total |    688 |    677 |     11 |      0 |    552 |   1 |  688.0 |
       Dungeon |    688 |    677 |     11 |      0 |    552 |   1 |  688.0 |
               +--------+--------+--------+--------+--------+-----+--------+

Top non-repeatable levels by time:
     D:1: 688 daAuts
